 Dungeon Sprint DCSS version 0.24-a0-243-g8f5f5cd (webtiles) character file.

Game seed: 8730306464659864572

112 MikeHunt the Cudgeler (level 4, -6/42 HPs)
             Began as a Naga Fighter on Apr 10, 2019.
             Was an Initiate of Gozag.
             Splashed by an oklob sapling wizard's acid (12 damage)
             ... in the Dungeon (Sprint IV: "Fedhas' Mad Dash").
             The game lasted 00:01:23 (296 turns).

MikeHunt the Cudgeler (Naga Fighter)                 Turns: 296, Time: 00:01:24

Health: -6/42      AC:  4    Str: 23    XL:     4   Next: 95%
Magic:  4/4        EV:  6    Int:  8    God:    Gozag
Gold:   109        SH: 10    Dex: 12    Spells: 3/3 levels left

rFire    . . .     SeeInvis +   a - +0 flail
rCold    . . .     Gourm    .   c - +0 shield
rNeg     . . .     Faith    .   b - +0 scale mail
rPois    +         Spirit   .   (no helmet)
rElec    .         Reflect  .   (no cloak)
rCorr    .         Harm     .   (no gloves)
MR       .....     NoTele   +   (no barding)
Stlth    ..........             l - amulet of invisibility {+Inv}
HPRegen  0.14/turn              (no ring)
MPRegen  0.09/turn              (no ring)

@: mighty, very slightly contaminated, very slow
A: large, see invisible, deformed body, poison resistance, slowness 2, slow
metabolism 1, spit poison 1, AC +1
a: Spit Poison, Potion Petition, Call Merchant, Bribe Branch, Renounce Religion,
Evoke Invisibility


You were in the Dungeon.
You worshipped Gozag.
Gozag was aware of your devotion.
You were not hungry.

You visited 1 branch You collected 109 gold pieces.

Inventory:

Hand Weapons
 a - a +0 flail (weapon)
Armour
 b - a +0 scale mail (worn)
 c - a +0 shield (worn)
 n - a +0 scale mail
Jewellery
 l - the amulet of invisibility (around neck) {+Inv}
   (You found it in the Dungeon)

   [amulet of nothing]

   It lets you turn invisible.
Scrolls
 j - a scroll of identify {unknown}
 k - a scroll of blinking
Potions
 e - a potion of curing
 g - a potion of heal wounds
 h - a potion of haste
 i - 2 potions of magic
Comestibles
 f - a ration
 m - a chunk of flesh {@w1}


   Skills:
 - Level 3.0 Fighting
 + Level 6.8 Maces & Flails
 - Level 2.4 Armour
 + Level 6.0 Shields


You had 3 spell levels left.
You didn't know any spells.
Your spell library was empty.

Dungeon Overview and Level Annotations

Branches:
Dungeon (1/1)

Altars:
Cheibriados
Dithmenos
Elyvilon
Gozag
Hepliaklqana
Kikubaaqudgha
Makhleb
Nemelex Xobeh
Okawaru
Qazlal
Ru
Sif Muna
Trog
Uskayaw
Vehumet
Wu Jian
Xom
Yredelemnul
Zin
The Shining One
Beogh
Jiyva
Lugonu

Annotations:
D exclusion: oklob sapling


Innate Abilities, Weirdness & Mutations

You cannot wear boots.
Your serpentine skin is tough. (AC +1)
You have supernaturally acute eyesight. (SInv)
Armour fits poorly on your strangely shaped body.
Your system is resistant to poisons. (rPois)
You cover ground very slowly.
You have a slow metabolism.
You can spit poison.


Message History

You thump the oklob sapling priest!
You destroy the oklob sapling priest!
Your Maces & Flails skill increases to level 6!
Your Shields skill increases to level 6!
You now have 109 gold pieces (gained 54).
There is an iron altar of Okawaru here.
There is a stormy altar of Qazlal here.
You open the door.
Marking area around the oklob sapling wizard as unsafe for travelling.
An oklob sapling wizard comes into view.
Found a scroll labeled PITZON FILLOE and a long sword.
The oklob sapling wizard casts a spell at you.
The magic dart hits you!
There is an open door here.
The oklob sapling wizard spits acid at you.
The splash of acid hits you!
* * * LOW HITPOINT WARNING * * *
You are splashed with acid!
You die...
Your body crumbles into a pile of gold.

###################
.#.⌠._._._._.⌠.#.?+$
.'.._._._._._..'@P#$
$
.#..._._._._...#..#
$$
##.._._._._._..#.)#
$ #._._._._._.⌠.####
$############### $
$$ $


You could see an oklob sapling wizard.

Vanquished Creatures
  2 oklob saplings (D)
  A worker ant (D)
  A river rat (D)
  A rat (D)
5 creatures vanquished.

Notes
Turn   | Place    | Note
-------+----------+-------------------------------------------
     0 | D        | MikeHunt the Naga Fighter began the quest for the Orb.
     0 | D        | Reached XP level 1. HP: 21/21 MP: 1/1
    11 | D        | Reached XP level 2. HP: 16/28 MP: 2/2
   135 | D        | Noticed an oklob sapling
   137 | D        | Killed an oklob sapling
   137 | D        | Reached XP level 3. HP: 34/34 MP: 3/3
   140 | D        | Found the amulet of invisibility {+Inv}
   142 | D        | Reached skill level 5 in Maces & Flails
   142 | D        | Reached skill level 5 in Shields
   142 | D        | Reached XP level 4. HP: 42/42 MP: 4/4
   268 | D        | Found an opulent altar of Gozag.
   268 | D        | Found a hazy altar of Hepliaklqana.
   268 | D        | Found a burning altar of Makhleb.
   268 | D        | Found a roughly hewn altar of Beogh.
   268 | D        | Found a sparkling altar of Nemelex Xobeh.
   268 | D        | Found a snail-covered altar of Cheibriados.
   268 | D        | Found a sacrificial altar of Ru.
   268 | D        | Found a deep blue altar of Sif Muna.
   268 | D        | Found a shimmering altar of Xom.
   268 | D        | Found a basalt altar of Yredelemnul.
   269 | D        | Found a viscous altar of Jiyva.
   269 | D        | Found a bloodstained altar of Trog.
   269 | D        | Found an ornate altar of the Wu Jian Council.
   269 | D        | Noticed an oklob sapling priest
   270 | D        | Found an iron altar of Okawaru.
   270 | D        | Found a shadowy altar of Dithmenos.
   270 | D        | Found a glowing silver altar of Zin.
   271 | D        | Found an ancient bone altar of Kikubaaqudgha.
   271 | D        | Found a hide-covered altar of Uskayaw.
   272 | D        | Found a stormy altar of Qazlal.
   272 | D        | Found a white marble altar of Elyvilon.
   272 | D        | Found a glowing golden altar of the Shining One.
   273 | D        | Became a worshipper of Gozag Ym Sagoz the Greedy
   274 | D        | Found a radiant altar of Vehumet.
   274 | D        | Found a corrupted altar of Lugonu.
   285 | D        | Killed an oklob sapling priest
   296 | D        | Splashed by an oklob sapling wizard's acid

Levels and vault maps discovered:
D:        dungeon_sprint_fedhas [sprint_temple]

Skill      XL: |  1  2  3  4 |
---------------+-------------+-----
Maces & Flails | 3 4 5 6 |  6.8
Shields        | 3 4 5 6 |  6.0
Fighting       | |  3.0
Armour         | |  2.4

Action                   |  1- 3 |  4- 6 || total
-------------------------+-------+-------++-------
Melee: Flail             |     8 |     8 ||    16
 Abil: Spit Poison       |     2 |       ||     2
       Evoke Invisibilit |       |     1 ||     1
  Use: Potion            |     1 |     1 ||     2
 Stab: Invisible         |       |     1 ||     1
Dodge: Dodged            |     1 |     1 ||     2
Block: Shield            |     4 |       ||     4

Table legend:
 A = Non-vault XP
 B = Vault XP
 C = Vault XP percentage of total XP
 D = Non-vault monster count
 E = Vault monster count
 F = Vault count percentage of total count
                 A         B        C        D         E       F
            +---------+---------+-------+---------+---------+-------
      Total |       0 |     161 | 100.0 |       0 |       5 | 100.0
            +---------+---------+-------+---------+---------+-------
          D |       0 |     161 | 100.0 |       0 |       5 | 100.0
            +---------+---------+-------+---------+---------+-------
